 Dungeon Crawl Stone Soup version 0.30-a0-634-g8abc85282e (webtiles) character file.

Game seed: 5283266122025211277

323 funkygono the Firebug (level 6, -6/41 HPs)
             Began as a Demonspawn Fire Elementalist on Jan 14, 2023.
             Mangled by Duvessa
             ... wielding a +0 short sword
              (12 damage)
             ... on level 4 of the Dungeon.
             The game lasted 00:08:36 (3571 turns).

funkygono the Firebug (DsFE)                        Turns: 3571, Time: 00:08:36

Health: -6/41      AC:  5    Str:  8    XL:     6   Next: 23%
Magic:  12/12      EV: 12    Int: 19    God:
Gold:   148        SH:  5    Dex: 13    Spells: 10/13 levels left

rFire   . . .      SeeInvis .    e - +3 dagger (drain)
rCold   . . .      Faith    .    (no shield)
rNeg    . . .      Spirit   .    r - +1 robe {Will+}
rPois   .          Reflect  +    n - +0 helmet
rElec   .          Harm     .    (no cloak)
rCorr   .          Rampage  .    (no gloves)
Will    ++...                    (boots unavailable)
Stlth   ++                       j - amulet of reflection
HPRegen 0.26/turn                c - ring of willpower
MPRegen 0.13/turn                (no ring)

@: no status effects
A: hooves 3, sharp scales 1, demonic magic 1
a: no special abilities


You were on level 4 of the Dungeon.
You visited 1 branch of the dungeon, and saw 4 of its levels.

You collected 148 gold pieces.

Inventory:

Hand Weapons
 e - a +3 dagger of draining (weapon)
 p - a +0 whip of venom
 D - a +2 dagger of venom
Armour
 m - a +1 animal skin
 n - a +0 helmet (worn)
 r - a +1 robe of willpower (worn)
 z - a +0 leather armour
Magical Staves
 v - a staff of air
Jewellery
 c - a ring of willpower (left hand)
 j - an amulet of reflection (around neck)
 w - a ring of resist corrosion
Wands
 y - a wand of digging (5)
Scrolls
 a - a scroll of identify
 l - a scroll of amnesia
 s - a scroll of fear
Potions
 b - a potion of magic
 f - 2 potions of heal wounds
 u - a potion of lignification
 x - a potion of ambrosia
 A - a potion of mutation {unknown}
 B - a potion of curing {unknown}
 E - a potion of resistance {unknown}


   Skills:
 + Level 0.2 Fighting
 + Level 0.1 Short Blades
 + Level 2.2 Dodging
 - Level 1.7 Stealth
 + Level 0.1 Shields
 + Level 4.1 Spellcasting
 + Level 2.4 Conjurations
 + Level 4.4 Fire Magic


You had 10 spell levels left.
You knew the following spells:

 Your Spells              Type           Power      Damage    Failure   Level
a - Foxfire               Conj/Fire      64%        2x1d7     3%          1
b - Scorch                Fire           40%        2d7       3%          2

Your spell library contained the following spells:

 Spells                   Type           Power      Damage    Failure   Level
 Inner Flame              Hex/Fire       12%        N/A       17%         3
 Kindle Blastsparks       Fire/Tloc/Air  18%        2d11      22%         3
 Flame Wave               Conj/Fire      16%        2d7       32%         4


Dungeon Overview and Level Annotations

Branches:
Dungeon (4/15)
 Temple: D:4-7

Altars:
Ashenzari

Shops:
D:1 ?   D:2 ?

Annotations:
D:4 Duvessa


Innate Abilities, Weirdness & Mutations

You have hooves in place of feet.
You are partially covered in razor-sharp scales. (AC +1, Slay +1)
Spells you cast may paralyse adjacent enemies.


Message History

Duvessa is severely wounded.
Unknown command.
Press < or > to pray at altars.
Casting: Scorch (safe; 3% risk of failure)
Confirm with . or Enter, or press ? or * to list all spells.
You conjure some foxfire!
Malevolent energies surge around you.
Dowan mumbles some strange words.
Dowan blinks!
Casting: Foxfire (safe; 3% risk of failure)
Confirm with . or Enter, or press ? or * to list all spells.
Flames lash Dowan.
Dowan is almost dead.
Dowan's fire resistance burns away.
Malevolent energies surge around you.
The foxfire hits Dowan!
Dowan is burned terribly!
You kill Dowan!
The foxfire hits Duvessa but does no damage.
Duvessa is severely wounded.
Unknown command.
Press < or > to pray at altars.
Casting: Scorch (safe; 3% risk of failure)
Confirm with . or Enter, or press ? or * to list all spells.
You conjure some foxfire!
Malevolent energies surge around you.
Duvessa is no longer paralysed.
Duvessa hits you with a +0 short sword.
* * * LOW HITPOINT WARNING * * *
Casting: Foxfire (safe; 3% risk of failure)
Confirm with . or Enter, or press ? or * to list all spells.
You don't have enough magic to cast this spell.
Magic courses through your body.
Duvessa goes berserk!
The foxfire hits Duvessa but does no damage.
Duvessa is severely wounded.
The foxfire hits Duvessa.
Duvessa is burned terribly!
Duvessa is severely wounded.
Duvessa hits you with a +0 short sword.
* * * LOW HITPOINT WARNING * * *
Casting: Foxfire (safe; 3% risk of failure)
Confirm with . or Enter, or press ? or * to list all spells.
You conjure some foxfire!
Malevolent energies surge around you.
Duvessa is no longer more vulnerable to fire.
Duvessa hits you but does no damage. Duvessa hits you with a +0 short sword!
You die...

############# ###...........#
#...........#.######
#.####.####........#
#.##.....##........####
#.#..)....#............
##.#...v...#........###.
#########.....e@............# #.
...........#..v....#........###)
...........#.......#............
.?......##.##.....##.........###
.....†.....####.### ............
............ .... .#.).....###
###...###.... ..... ..........#
#.## ##....##### ..#.#.....# ...
#.$..# ..........##


You could see Duvessa (berserk, fast, ally target).

Vanquished Creatures
  A scorpion (D:4)
  Dowan (D:4)
  A hound (D:4)
  Ijyb (D:3)
  Jessica (D:2)
  Robin (D:2)
  3 gnolls (D:4)
  3 adders
  A dart slug (D:2)
  An orc (D:3)
  7 endoplasms
  9 goblins
  9 hobgoblins
  5 jackals (D:1)
  4 quokkas
  A ball python (D:1)
  5 bats
  7 kobolds
  5 rats
66 creatures vanquished.

Vanquished Creatures (others)
  204 foxfires
  A plant (D:1)
205 creatures vanquished.

Grand Total: 271 creatures vanquished

Notes
Turn   | Place    | Note
-------+----------+-------------------------------------------
     0 | D:1      | funkygono the Demonspawn Fire Elementalist began the quest
                  | for the Orb.
     0 | D:1      | Reached XP level 1. HP: 13/13 MP: 3/3
   274 | D:1      | Gained mutation: You have large cloven feet. [demonic
                  | ancestry]
   274 | D:1      | Reached XP level 2. HP: 13/19 MP: 0/5
   415 | D:1      | Learned a level 2 spell: Scorch
   609 | D:1      | Found Pepecry's Magic Scroll Shop.
  1257 | D:2      | Noticed Robin
  1304 | D:2      | Gained mutation: Spells you cast may paralyse adjacent
                  | enemies. [demonic ancestry]
  1304 | D:2      | Reached XP level 3. HP: 24/24 MP: 3/6
  1345 | D:2      | Killed Robin
  1596 | D:2      | Found Iguesut's Magic Scroll Boutique.
  1717 | D:2      | Found a broken altar of Ashenzari.
  1818 | D:2      | Noticed Jessica
  1826 | D:2      | Killed Jessica
  1827 | D:2      | Gained mutation: You have hoof-like feet. [demonic
                  | ancestry]
  1827 | D:2      | Reached XP level 4. HP: 30/30 MP: 4/8
  2505 | D:3      | Noticed Ijyb
  2513 | D:3      | Killed Ijyb
  2678 | D:3      | Found a faded altar of an unknown god.
  2684 | D:3      | Gained mutation: You have hooves in place of feet. [demonic
                  | ancestry]
  2684 | D:3      | Reached XP level 5. HP: 35/35 MP: 7/9
  3537 | D:4      | Noticed Dowan
  3540 | D:4      | Noticed Duvessa
  3546 | D:4      | Gained mutation: You are partially covered in razor-sharp
                  | scales. (AC +1, Slay +1) [demonic ancestry]
  3546 | D:4      | Reached XP level 6. HP: 41/41 MP: 3/12
  3568 | D:4      | Killed Dowan
  3571 | D:4      | Mangled by Duvessa

Illustrated notes

Levels and vault maps discovered:
D:1:      lightli_arrival_farm, layout_basic, serial_shops,
          nicolae_shop_window_shopping
D:2:      layout_basic, serial_shops, nicolae_shop_crystal, basic_altar,
          uniq_jessica, uniq_robin
D:3:      layout_basic, hellmonk_ecumenical_altar_lost_god, serial_park_tiny_1,
          uniq_ijyb
D:4:      layout_rooms, mainiacjoe_overflow_concentric_impassable,
          old_standard_altar, grunt_gozag_breadcrumbs, lemuel_crystal_altar,
          uniq_duvessa

Skill      XL: |  1  2  3  4  5 |
---------------+----------------+-----
Fire Magic     | 3 4 |  4.4
Dodging        | 2 |  2.2
Spellcasting   | 3 4 |  4.1
Conjurations   | 2 |  2.4
Fighting       | |  0.2
Short Blades   | |  0.1
Stealth        | |  1.7
Shields        | |  0.1

Action                   |  1- 3 |  4- 6 || total
-------------------------+-------+-------++-------
Melee: Dagger            |     7 |    11 ||    18
       Kick              |       |     1 ||     1
 Cast: Foxfire           |    50 |    69 ||   119
       Scorch            |     3 |    17 ||    20
  Use: Scroll            |       |    14 ||    14
       Potion            |       |     3 ||     3
 Stab: Paralysed         |       |     4 ||     4
Armor: Robe              |     7 |     3 ||    10
       Animal skin       |     1 |       ||     1
Dodge: Dodged            |    26 |    10 ||    36
Block: Other             |     5 |     3 ||     8

Table legend: (Time is in decaauts)
 A = Elapsed time spent in this place.
 B = Non-inter-level travel time spent in this place.
 C = Inter-level travel time spent in this place.
 D = Time resting spent in this place.
 E = Time spent auto-exploring this place.
 F = Levels seen in this place.
 G = Mean time per level.
                   A        B        C        D        E       F      G
               +--------+--------+--------+--------+--------+-----+--------+
         Total |   3590 |   3525 |     65 |    163 |   2763 |   4 |  897.5 |
       Dungeon |   3590 |   3525 |     65 |    163 |   2763 |   4 |  897.5 |
               +--------+--------+--------+--------+--------+-----+--------+

Top non-repeatable levels by time:
     D:1: 1388 daAuts
     D:3: 1177 daAuts
     D:2: 795 daAuts
     D:4: 229 daAuts
